 Dungeon Crawl Stone Soup version 0.24.0-35-gdb84b6a5db (webtiles) character file.

Game seed: 8688386066709264002, levelgen mode: deterministic

1737021 cod the Slayer (level 27, 231/231 HPs)
             Began as a Gnoll Monk on Oct 25, 2019.
             Was the Champion of Cheibriados.
             Escaped with the Orb
             ... and 3 runes on Nov 20, 2019!
             The game lasted 11:17:44 (71245 turns).

cod the Slayer (Gnoll Monk)                        Turns: 71245, Time: 11:17:45

Health: 231/231    AC: 32    Str: 39    XL:     27
Magic:  44/45      EV: 36    Int: 37    God:    Cheibriados [******]
Gold:   355        SH: 25    Dex: 36    Spells: 1/63 levels left

rFire    + + +     SeeInvis +   a - +9 eveningstar (flame)
rCold    + + .     Gourm    .   g - +5 shield {rF+}
rNeg     + . .     Faith    .   U - +7 faerie dragon scales {rElec rF+ rC+ rCorr Str+8}
rPois    +         Spirit   .   p - +2 hat of the Known World {rElec rPois}
rElec    +         Reflect  .   F - +4 dragonskin cloak
rCorr    +         Harm     .   q - +0 pair of gloves "Ponis" {MR+ Int+4 Dex-2}
MR       +++..                  S - +2 pair of boots
Stlth    +++.......             u - amulet of regeneration
HPRegen  0.88/turn              I - ring of the Devil's Advocate {Slay+2 SInv}
MPRegen  0.29/turn              N - ring of Coklimp {rPois rN+ Dex+2}

@: very slow
A: distributed training, fangs 1, fire resistance 1, shaggy fur 1, weak 1,
evolution 1, subdued magic 1, sturdy frame 1, strong nose
0: Orb of Zot
}: 3/15 runes: decaying, serpentine, silver
a: Bend Time, Temporal Distortion, Slouch, Step From Time, Renounce Religion


You escaped.
You worshipped Cheibriados.
Cheibriados was exalted by your worship.
You were completely stuffed.

You visited 9 branches of the dungeon, and saw 49 of its levels.
You visited 2 bazaars.
You also visited: Bailey, Volcano and Desolation.

You collected 7795 gold pieces.
You spent 7440 gold pieces at shops.

Inventory:

Hand Weapons
 a - a +9 eveningstar of flaming (weapon)
   (You found it on level 13 of the Dungeon)
 b - the +5 whip of Corruption {flame, -Tele rC+++ Int+4}
   (You found it on level 5 of the Vaults)

   It has been specially enchanted to burn those struck by it, causing extra
   injury to most foes and up to half again as much damage against particularly
   susceptible opponents.
   It affects your intelligence (+4).
   It renders you almost immune to cold.
   It prevents most forms of teleportation.
 s - the +7 lajatang of Order {silver, rMut}
   (You took it off a deep elf sorcerer on level 3 of the Elven Halls)

   It protects you from mutation.
 w - the +1 hand crossbow of Destruction {penet, Int+2}
   (You found it in the Desolation of Salt)

   Ammo fired by it will pass through the targets it hits, potentially hitting
   all targets in its path until it reaches maximum range.
   It affects your intelligence (+2).
Missiles
 t - 84 boomerangs (quivered)
 x - 11 throwing nets {!f}
 C - 9 silver javelins
 P - 2160 bolts
Armour
 g - a +5 shield of fire resistance (worn)
   (You took it off a tengu warrior on level 13 of the Dungeon)
 p - the +2 hat of the Known World (worn) {rElec rPois}
   (You found it on level 1 of the Orcish Mines)

   It insulates you from electricity.
   It protects you from poison.
 q - the +0 pair of gloves "Ponis" (worn) {MR+ Int+4 Dex-2}
   (You found it on level 2 of the Depths)

   It affects your intelligence (+4).
   It affects your dexterity (-2).
   It affects your resistance to hostile enchantments.
 F - the +4 dragonskin cloak (worn)
   (You took it off Tiamat on level 4 of the Realm of Zot)
 S - a +2 pair of boots (worn)
 U - the +7 faerie dragon scales (worn) {rElec rF+ rC+ rCorr Str+8}
   (You took it off the Enchantress on level 4 of the Depths)

   It affects your strength (+8).
   It protects you from fire.
   It protects you from cold.
   It insulates you from electricity.
   It provides partial protection from all sources of acid and corrosion.
Jewellery
 u - an amulet of regeneration (around neck)
 I - the ring of the Devil's Advocate (left hand) {Slay+2 SInv}
   (You found it on level 3 of the Snake Pit)

   [ring of see invisible]

   It affects your accuracy and damage with ranged weapons and melee attacks
   (+2).
   It lets you see invisible.
 M - the ring "Yddymi" {*Corrode rElec rF+++ MR+ Str+2}
   (You acquired it on level 2 of the Elven Halls)

   [ring of protection from magic]

   It affects your strength (+2).
   It renders you almost immune to fire.
   It insulates you from electricity.
   It affects your resistance to hostile enchantments.
   It may corrode you when you take damage.
 N - the ring of Coklimp (right hand) {rPois rN+ Dex+2}
   (You acquired it on level 3 of the Snake Pit)

   [ring of positive energy]

   It affects your dexterity (+2).
   It protects you from poison.
   It protects you from negative energy.
Wands
 B - a wand of iceblast (25)
 D - a wand of digging (23)
 K - a wand of clouds (8)
 T - a wand of paralysis (28)
 V - a wand of acid (11)
 Y - a wand of enslavement (45)
Scrolls
 j - 21 scrolls of remove curse {@r2}
 n - 12 scrolls of fear
 y - 5 scrolls of fog
 z - 4 scrolls of vulnerability
 E - 6 scrolls of blinking {@r5}
 G - 4 scrolls of summoning
 O - 13 scrolls of teleportation {@r4}
 X - 10 scrolls of identify {@r1}
 Z - 2 scrolls of immolation
Potions
 f - a potion of might {@q4}
 h - 6 potions of ambrosia {!q}
 i - 14 potions of heal wounds {@q2}
 k - 4 potions of resistance
 l - 6 potions of cancellation {!q}
 m - 7 potions of agility {@q5}
 o - 7 potions of lignification
 v - 10 potions of magic
 J - 24 potions of curing {@q1}
 R - 9 potions of brilliance {@q6}
 W - 9 potions of mutation
Miscellaneous
 c - a lamp of fire
 d - 3 sacks of spiders
 e - 3 boxes of beasts
 A - a lightning rod (4/4)
 L - a phial of floods
 Q - a fan of gales
Comestibles
 r - 83 rations {!d}


   Skills:
 + Level 22.2 Fighting
 + Level 18.9 Short Blades
 + Level 18.9 Long Blades
 + Level 18.9 Axes
 + Level 18.9 Maces & Flails
 + Level 19.7 Polearms
 + Level 18.9 Staves
 + Level 18.9 Slings
 + Level 18.9 Bows
 + Level 18.9 Crossbows
 + Level 18.9 Throwing
 + Level 18.9 Armour
 + Level 19.7 Dodging
 + Level 19.2 Stealth
 + Level 18.9 Shields
 + Level 18.9 Unarmed Combat
 + Level 18.9 Spellcasting
 + Level 16.3 Conjurations
 + Level 16.3 Hexes
 + Level 16.3 Charms
 + Level 16.3 Summonings
 + Level 16.3 Necromancy
 + Level 16.3 Translocations
 + Level 16.3 Transmutations
 + Level 16.3 Fire Magic
 + Level 16.3 Ice Magic
 + Level 16.3 Air Magic
 + Level 16.3 Earth Magic
 + Level 16.3 Poison Magic
 + Level 20.3 Invocations
 + Level 18.9 Evocations


You had one spell level left.
You knew the following spells:

 Your Spells              Type           Power        Failure   Level  Hunger
a - Lesser Beckoning      Tloc           #######...   0%          3    None
b - Shadow Creatures      Summ           N/A          1%          6    None
c - Lehudib's Crystal Sp  Conj/Erth      #######...   5%          8    ####...
f - Lee's Rapid Deconstr  Erth           #######...   0%          5    None
g - Apportation           Tloc           ######       0%          1    None
i - Spellforged Servitor  Conj/Summ      #######...   1%          7    None
k - Blink                 Tloc           N/A          0%          2    None
l - Deflect Missiles      Chrm/Air       #######...   1%          6    None
p - Passwall              Tmut/Erth      #######.     0%          2    None
r - Regeneration          Chrm/Necr      #######...   0%          3    None
s - Petrify               Tmut/Erth      #######.     0%          4    None
v - Borgnjor's Vile Clut  Necr/Erth      #######...   0%          5    None
y - Summon Butterflies    Summ           #######.     0%          1    None
z - Summon Lightning Spi  Summ/Air       #######.     0%          4    None
S - Silence               Hex/Air        #######...   0%          5    None

Your spell library contained the following spells:

 Spells                   Type           Power        Failure   Level  Hunger
 Animate Skeleton         Necr           N/A          0%          1    None
 Confusing Touch          Hex            ######       0%          1    None
 Corona                   Hex            #######      0%          1    None
 Flame Tongue             Conj/Fire      #####        0%          1    None
 Magic Dart               Conj           ####         0%          1    None
 Pain                     Necr           ####         0%          1    None
 Sandblast                Erth           ######       0%          1    None
 Summon Small Mammal      Summ           ####         0%          1    None
 Call Imp                 Summ           #######.     0%          2    None
 Corpse Rot               Necr           N/A          0%          2    None
 Ensorcelled Hibernation  Hex/Ice        ######       0%          2    None
 Poisonous Vapours        Pois/Air       ######       0%          2    None
 Shroud of Golubria       Chrm/Tloc      ######       0%          2    None
 Slow                     Hex            #######.     0%          2    None
 Sublimation of Blood     Necr           #######...   0%          2    None
 Swiftness                Chrm/Air       #######.     0%          2    None
 Throw Frost              Conj/Ice       ######       0%          2    None
 Confuse                  Hex            #######.     0%          3    None
 Conjure Flame            Conj/Fire      #######.     0%          3    None
 Dazzling Spray           Conj/Hex       ######       0%          3    None
 Gell's Gravitas          Tloc           #######...   0%          3    None
 Ignite Poison            Fire/Tmut/Pois #######.     0%          3    None
 Mephitic Cloud           Conj/Pois/Air  #######.     0%          3    None
 Recall                   Summ/Tloc      N/A          0%          3    None
 Stone Arrow              Conj/Erth      ######       0%          3    None
 Teleport Other           Tloc           #######.     0%          3    None
 Tukima's Dance           Hex            #######.     0%          3    None
 Vampiric Draining        Necr           #######...   0%          3    None
 Animate Dead             Necr           N/A          0%          4    None
 Cause Fear               Hex            #######...   0%          4    None
 Force Lance              Conj/Tloc      #######.     0%          4    None
 Fulminant Prism          Conj/Hex       #######...   0%          4    None
 Ice Form                 Ice/Tmut       #######.     0%          4    None
 Iskenderun's Mystic Bla  Conj           #######.     0%          4    None
 Leda's Liquefaction      Hex/Erth       #######...   0%          4    None
 Summon Ice Beast         Ice/Summ       #######.     0%          4    None
 Agony                    Necr           #######.     0%          5    None
 Alistair's Intoxication  Tmut/Pois      #######.     0%          5    None
 Bolt of Draining         Conj/Necr      #######...   0%          5    None
 Bolt of Magma            Conj/Fire/Erth #######...   0%          5    None
 Dispel Undead            Necr           #######.     0%          5    None
 Excruciating Wounds      Chrm/Necr      #######...   0%          5    None
 Iskenderun's Battlesphe  Conj/Chrm      #######.     0%          5    None
 Lightning Bolt           Conj/Air       #######...   0%          5    None
 Metabolic Englaciation   Hex/Ice        #######...   0%          5    None
 Summon Demon             Summ           #######...   0%          5    None
 Summon Forest            Summ/Tloc      #######...   0%          5    None
 Venom Bolt               Conj/Pois      #######...   0%          5    None
 Yara's Violent Unravell  Hex/Tmut       #######...   0%          5    None
 Bolt of Cold             Conj/Ice       #######...   1%          6    None
 Bolt of Fire             Conj/Fire      #######...   1%          6    None
 Conjure Ball Lightning   Conj/Air       #######...   1%          6    None
 Darkness                 Hex            #######...   1%          6    None
 Death Channel            Necr           #######...   1%          6    None
 Freezing Cloud           Conj/Ice/Air   #######...   1%          6    None
 Invisibility             Hex            #######.     1%          6    None
 Iron Shot                Conj/Erth      #######...   1%          6    None
 Ozocubu's Refrigeration  Ice            #######...   1%          6    None
 Poison Arrow             Conj/Pois      #######...   1%          6    None
 Simulacrum               Ice/Necr       #######...   1%          6    None
 Dragon Form              Tmut           #######...   1%          7    None
 Orb of Destruction       Conj           #######...   1%          7    None
 Chain Lightning          Conj/Air       #######...   5%          8    ####...
 Discord                  Hex            #######...   5%          8    ####...
 Dragon's Call            Summ           #######...   67%         9    #####..
 Fire Storm               Conj/Fire      #######...   67%         9    #####..
 Glaciate                 Conj/Ice       #######...   67%         9    #####..
 Tornado                  Air            #######...   67%         9    #####..
 Passage of Golubria      Tloc           Unusable     N/A         4    N/A

Dungeon Overview and Level Annotations

Branches:
Dungeon (15/15)            Temple (0/1) D:4            Lair (6/6) D:11
  Swamp (4/4) Lair:3        Snake (4/4) Lair:2        Slime (0/5) Lair:5
    Orc (2/2) D:11            Elf (3/3) Orc:2        Vaults (5/5) D:14
  Crypt (0/3) Vaults:3     Depths (5/5) D:15            Zot (5/5) Depths:5
 Bailey (visited)         Volcano (visited)         Desolation (visited)

Altars:
Ashenzari
Cheibriados
Elyvilon
Nemelex Xobeh
Uskayaw
The Shining One

Shops:
D:8 =   Orc:2 ([!(%   Snake:4 :   Vaults:1 %   Vaults:3 (}   Vaults:4 *

Portals:
Hell: Depths:1 Depths:2 Depths:3 Depths:4 Depths:5
Abyss: Depths:3 Depths:4
Pandemonium: Depths:3
Ziggurat: Depths:4

Annotations:
Swamp:2 vlt not too hard but no loot, never go in, exclusion: door, Zatibaps's ghost, journeyman FeVM
Elf:2 3 runed translucent doors, exclusion: 3 doors
Elf:3 exclusion: upstairs
Zot:2 exclusion: 4 doors


Innate Abilities, Weirdness & Mutations

Your experience applies equally to all skills.
You have very sharp teeth.
Your uncanny sense of smell can sniff out nearby items.
Your flesh is heat resistant. (rF+)
You are covered in fur. (AC +1)
You are weak. (Str -2)
You evolve.
Your spells are a little easier to cast, but a little less powerful.
Your movements are slightly less encumbered by armour. (ER -2)


Message History

You throw a boomerang. The boomerang hits the ynoxinul!!
You kill the ynoxinul!
Cheibriados thoroughly appreciates the change of pace.
(D) Dungeon (T) Temple (L) Lair (S) Swamp (P) Snake Pit (M) Slime Pits (O) Orcish Mines (E) Elven Halls (V) Vaults (C) Crypt (U) Depths (H) Hell (Z) Zot
Where to? (* - list waypoints, Enter - D:3 @ (x,y), ? - help)
An Ice Fiend comes into view.
Really quaff the potion of lignification? [Y]es or [N]o only, please.
Really quaff the potion of lignification?
Okay, then.
Unknown command.
An Ice Fiend is nearby!
Unknown command.
Really quaff the potion of lignification?
You turn into a tree.
The +4 dragonskin cloak melds into your body.
The +2 hat of the Known World {rElec rPois} melds into your body.
The +0 pair of gloves "Ponis" {MR+ Int+4 Dex-2} melds into your body.
Your +2 pair of boots melds into your body.
The +7 faerie dragon scales {rElec rF+ rC+ rCorr Str+8} melds into your body.
You no longer feel protected from the elements.
Your roots penetrate the ground.
You feel very mighty all of a sudden. The Ice Fiend gestures at you.
The bolt of cold hits you!!!
You skewer the Ice Fiend like a kebab!!!
You burn the Ice Fiend!!
You skewer the Ice Fiend like a kebab!!!
You burn the Ice Fiend!!
You kill the Ice Fiend!
Cheibriados thoroughly appreciates the change of pace.
Really quaff
l - 7 potions of cancellation {!q}?
Your magical effects are unravelling.
You feel magically purged.
You feel less wooden.
The +4 dragonskin cloak unmelds from your body.
The +2 hat of the Known World {rElec rPois} unmelds from your body.
The +0 pair of gloves "Ponis" {MR+ Int+4 Dex-2} unmelds from your body.
Your +2 pair of boots unmelds from your body.
The +7 faerie dragon scales {rElec rF+ rC+ rCorr Str+8} unmelds from your body.
You feel oddly protected from the elements.
You feel a little less mighty now.
(D) Dungeon (T) Temple (L) Lair (S) Swamp (P) Snake Pit (M) Slime Pits (O) Orcish Mines (E) Elven Halls (V) Vaults (C) Crypt (U) Depths (H) Hell (Z) Zot
Where to? (* - list waypoints, Enter - D:3 @ (x,y), ? - help)
A hell beast comes into view.
You block the hell beast's attack. The hell beast closely misses you.
The hell beast bites you! You block the hell beast's attack. x3
You miss the hell beast. You block the hell beast's attack. x2
You closely miss the hell beast. You bite the hell beast.
You block the hell beast's attack. x2
You perforate the hell beast like a sieve!!!
You burn the hell beast! The hell beast closely misses you.
You block the hell beast's attack.
You hit the hell beast. You burn the hell beast.
The hell beast bites you but does no damage.
The hell beast closely misses you.
You skewer the hell beast like a kebab!!!
You burn the hell beast!
You kill the hell beast!
Cheibriados thoroughly appreciates the change of pace.
Casting: Regeneration (safe; 0% risk of failure)
Your skin crawls.
There is a stone staircase leading up here.
You start resting.
HP restored.
You climb upwards.
There is a stone staircase leading down here.
Your skin is crawling a little less now.
Your skin stops crawling.
Things that are here:
a +0 robe; a +0 club
Casting: Regeneration (safe; 0% risk of failure)
Aiming: Passwall (safe; 0% risk of failure)
A rock wall.
This square is covered in magical glow.
You begin to meditate on the wall.
You continue meditating on the rock. x2
You finish merging with the rock.
There is a stone staircase leading up here.
You climb upwards.
There is a stone staircase leading down here.
Casting: Passwall (safe; 0% risk of failure)
Aiming: Passwall (safe; 0% risk of failure)
A rock wall.
This square is covered in magical glow.
You begin to meditate on the wall.
You continue meditating on the rock. x2
You finish merging with the rock.
Saving game... please wait.
Stop for All is ON Welcome back, cod the Gnoll Monk.
Cheibriados says: Take it easy.
There is a staircase leading out of the dungeon here.
You can't go down here!
Unknown command.
You have escaped!

.)...#......⌠.......⌠......#)#
.....##...................##.#
########..⌠...⌠...⌠...⌠..##..####
##...............##.......
##.⌠....⌠....⌠.##..######
##...........##...# ###
##..⌠...⌠..###...# #..
##.......##.....# #.#
##..@..##......# #.#
##...###......# #.#
#####........# #.# #.#..#..## #.#
#.#..#..# #.# #.####..#####.#
#....#.>......# ####.#.#####..#
#.#.# #..#


There were no monsters in sight!

Vanquished Creatures
  Tiamat (Zot:4)
  4 ancient liches
  6 orbs of fire
  A juggernaut (Depths:2)
  Sojobo (Depths:1)
  the Lernaean hydra (Swamp:4)
  Frederick (Vaults:3)
  11 Killer Klowns (Zot:5)
  2 curse toes
  Xtahua (Vaults:2)
  Margery (Vaults:3)
  Vashnia (Snake:2)
  12 golden dragons
  Nikola (Swamp:4)
  the Enchantress (Depths:4)
  2 electric golems (Zot:5)
  Rupert (Snake:1)
  3 liches
  29 Orb Guardians
  17 tentacled monstrosities
  An Ice Fiend (D:3)
  3 deep elf blademasters (Elf:3)
  4 titans (Vaults:5)
  9 quicksilver dragons
  An Executioner (D:5)
  2 deep elf master archers (Elf:3)
  Kirke (D:12)
  4 sphinxes
  10 death cobs
  2 thorn hunters
  The ghost of Gokhumny the Blocker, an adept GnFi of Okawaru (Swamp:3)
  The ghost of Zabaguy the Cruncher, an adept GnWn of Ashenzari (Snake:3)
  18 storm dragons
  14 shadow dragons
  5 tengu reavers
  Frances (D:12)
  8 draconian monks
  Donald (Vaults:2)
  The ghost of happy the Severer, an adept DsAr of Trog (Snake:4)
  11 nagarajas
  9 fire giants
  4 ghost moths
  2 imperial myrmidons (Desolation)
  The ghost of Ykec Esm the Carver, a journeyman DrWn of Ashenzari (Swamp:3)
  16 deep elf sorcerers
  2 draconian scorchers
  A ghoul (Vaults:2)
  9 draconian shifters
  11 frost giants
  A deep elf elementalist (Elf:3)
  Aizul (Snake:1)
  A warmonger (D:5)
  3 draconian knights
  18 vault wardens
  2 iron dragons (Depths:1)
  3 spriggan defenders
  6 draconian stormcallers
  4 draconian annihilators
  17 very ugly things
  15 ironheart preservers
  20 stone giants
  9 war gargoyles
  7 entropy weavers
  A reaper (Depths:3)
  A large abomination (Vaults:5)
  4 vampire knights
  3 deep elf demonologists
  7 green draconians
  8 red draconians
  11 purple draconians
  9 white draconians
  11 yellow draconians
  Azrael (D:12)
  13 black draconians
  9 deep elf death magi
  An ettin (shapeshifter) (Vaults:5)
  A spark wasp (Depths:2)
  10 deep elf annihilators
  14 ettins
  4 crystal guardians
  13 fire dragons
  5 jiangshi
  21 ogre magi
  10 great orbs of eyes
  13 ice dragons
  15 yaktaur captains
  5 deep elf high priests
  2 rakshasas
  6 ragged hierophants
  3 hell beasts
  9 servants of whispers
  A ghost crab (Swamp:3)
  14 hydras
  13 naga warriors
  12 peacekeepers (Desolation)
  31 vault guards
  6 spriggan air magi
  9 centaur warriors
  Erica (D:8)
  19 alligators
  A catoblepas (D:15)
  17 dancing weapons
  50 two-headed ogres
  A queen ant (shapeshifter) (Vaults:5)
  16 anacondas
  5 tengu warriors
  10 death yaks
  3 death knights
  A two-headed ogre (shapeshifter) (Vaults:4)
  5 deep troll earth magi
  4 vampire magi
  4 deep troll shamans
  12 naga sharpshooters
  3 orc high priests (Orc:2)
  2 spriggan berserkers
  A titan zombie (Vaults:5)
  21 deep elf knights
  10 shock serpents
  12 hell knights
  Sonja (Lair:2)
  22 slime creatures
  A sun demon (Zot:5)
  A fire crab (shapeshifter) (Depths:1)
  A titan skeleton (Depths:1)
  A shadow wraith (Vaults:3)
  8 skeletal warriors
  2 spark wasp zombies (Depths:1)
  25 deep trolls
  3 iron trolls
  3 salamander mystics
  2 spriggan druids
  2 torturous demonspawn
  7 unseen horrors
  9 sea snakes (Snake:4)
  4 glowing orange brains
  A glowing orange brain (shapeshifter) (Vaults:3)
  A lindwurm (shapeshifter) (Vaults:2)
  5 naga ritualists
  19 swamp dragons
  7 phantasmal warriors
  18 deep elf archers
  15 wizards
  8 mana vipers
  A gelid demonspawn (D:5)
  A lindwurm (Lair:6)
  11 necromancers
  29 ironbrand convokers
  A wolf spider zombie (D:14)
  Pikel (D:6)
  A sphinx zombie (Depths:1)
  3 wolf spiders
  74 deep elf magi
  18 orc knights
  7 orc sorcerers
  A human zombie (Vaults:5)
  A golden dragon skeleton (Depths:1)
  42 ugly things
  9 cyclopes
  19 moths of wrath
  8 salamanders
  An iron dragon skeleton (Depths:1)
  8 elephants (Lair:6)
  40 black mambas
  A water nymph (shapeshifter) (Elf:2)
  Joseph (D:8)
  6 molten gargoyles
  18 spiny frogs
  A guardian serpent (shapeshifter) (Vaults:2)
  15 naga magi
  A human skeleton (Vaults:5)
  3 centaur zombies
  13 guardian serpents
  2 smoke demons
  3 gargoyles (Depths:3)
  25 vault sentinels
  2 kobold demonologists (D:14)
  77 yaktaurs
  A hellion (Depths:3)
  A komodo dragon (shapeshifter) (Vaults:5)
  A rime drake (Lair:2)
  12 komodo dragons
  A rime drake (shapeshifter) (D:13)
  A spiny frog (shapeshifter) (Vaults:2)
  2 ice devils
  8 freezing wraiths
  3 tengu conjurers
  An entropy weaver simulacrum (Vaults:1)
  11 hornets
  A shadow dragon simulacrum (Vaults:5)
  A red devil (Depths:5)
  A merfolk (D:11)
  9 trolls
  A polar bear (Lair:5)
  A queen bee (Lair:2)
  13 tyrant leeches
  A slime creature (shapeshifter) (Vaults:5)
  Grinder (D:5)
  58 saltlings
  2 blink frogs (shapeshifter)
  6 hippogriffs
  11 blink frogs
  8 bog bodies
  7 air elementals
  A tarantella (Vaults:1)
  10 redbacks
  3 shadows
  11 water elementals
  A vampire (D:11)
  11 spriggans
  2 ynoxinuls
  Eustachio (D:6)
  A tarantella (shapeshifter) (Vaults:5)
  5 wyverns (Lair:6)
  10 humans
  2 golden eyes (shapeshifter)
  83 yaks
  A human (shapeshifter) (Vaults:3)
  8 basilisks
  4 wraiths
  8 fire elementals
  5 hogs (D:12)
  21 vampire mosquitoes
  A steam dragon (D:11)
  A steam dragon (shapeshifter) (Depths:1)
  A neqoxec (Depths:3)
  2 human simulacra
  3 hungry ghosts
  A warg (shapeshifter) (Vaults:5)
  A swamp worm (shapeshifter) (Elf:2)
  10 swamp worms
  11 wargs
  5 hell hounds (Lair:6)
  A soldier ant (shapeshifter) (Vaults:4)
  6 insubstantial wisps (Swamp:2)
  49 nagas
  11 water moccasins
  4 acid dragons
  A floating eye (Depths:1)
  7 porcupines
  3 ice beasts
  42 orc warriors
  14 swamp drakes
  5 black bears
  A deep troll simulacrum (Depths:1)
  4 phantoms
  3 slaves (D:6)
  An eye of draining (D:8)
  6 sky beasts
  An ettin simulacrum (Vaults:5)
  A necrophage (D:15)
  34 ogres
  10 wolves
  7 boggarts
  11 centaurs
  8 crocodiles
  4 big kobolds
  An elf simulacrum (Vaults:5)
  6 earth elementals
  Blork the orc (D:5)
  25 bullfrogs
  A water moccasin zombie (D:8)
  4 gnoll sergeants (D:11)
  An ogre simulacrum (Vaults:1)
  5 scorpions
  5 wights (D:6)
  40 killer bees
  6 electric eels (D:12)
  10 howler monkeys
  4 lava snakes (Lair:6)
  19 crimson imps
  3 bullfrog zombies
  3 jellies
  A quasit (Depths:3)
  4 hounds
  7 centaur skeletons
  A gnoll shaman (Orc:1)
  21 orc priests
  28 orc wizards
  2 bullfrog skeletons
  An iron imp (Orc:1)
  Jessica (D:2)
  2 iguanas (D:6)
  12 worker ants
  A hound zombie (D:5)
  3 hound skeletons
  A worker ant zombie (D:10)
  25 gnolls
  19 adders
  10 shadow imps
  A white imp (Orc:1)
  2 oozes
  2 adder zombies
  2 adder skeletons
  A worm (D:2)
  5 dart slugs
  3 leopard geckos
  88 orcs
  6 giant cockroaches
  22 hobgoblins
  16 jackals
  3 quokkas
  2 ball pythons
  6 bats
  7 frilled lizards
  9 goblins
  12 kobolds
  8 rats
  A butterfly (Lair:1)
  4 crawling corpses
  7 fungi
  3 plants
2565 creatures vanquished.

Vanquished Creatures (collateral kills)
  A pandemonium lord (D:12)
  A death cob (Zot:2)
  A storm dragon (Zot:1)
  A draconian knight (Zot:4)
  2 very ugly things (Depths:4)
  A spriggan defender (Depths:4)
  2 green draconians
  A white draconian (Zot:4)
  A soul eater (D:12)
  An ugly thing (Depths:4)
  A salamander (Snake:4)
  A moth of wrath (Zot:5)
14 creatures vanquished.

Vanquished Creatures (others)
  An Orb Guardian (Zot:5)
  A stone giant (Vaults:5)
  A hydra (Swamp:4)
  2 deep elf knights (Elf:3)
  A wizard (Depths:2)
  A deep elf mage (Elf:2)
  A vault sentinel (Vaults:1)
  A spiny frog (Swamp:4)
  A slime creature (Swamp:4)
  A human (D:14)
  A vampire mosquito (Swamp:4)
  2 swamp worms (Swamp:4)
  An ogre (Vaults:5)
  A killer bee (D:11)
  An orc (Orc:1)
  A kobold (D:11)
  36 fungi
  32 plants
86 creatures vanquished.

Grand Total: 2665 creatures vanquished

Notes
Turn   | Place    | Note
-------+----------+-------------------------------------------
     0 | D:1      | cod the Gnoll Monk began the quest for the Orb.
     0 | D:1      | Reached XP level 1. HP: 23/23 MP: 1/1
     0 | D:1      | Upgraded the game from 0.24.0-1-gfbc8707122 to
                  | 0.24.0-13-gcf9b3192b9
   104 | D:1      | Reached XP level 2. HP: 29/29 MP: 2/2
   670 | D:1      | Reached XP level 3. HP: 35/35 MP: 3/3
   682 | D:1      | You fall into a shaft and drop 1 floor!
   884 | D:2      | Reached skill level 1 in Invocations
  1179 | D:2      | Reached skill level 1 in Short Blades
  1179 | D:2      | Reached skill level 1 in Long Blades
  1179 | D:2      | Reached skill level 1 in Axes
  1179 | D:2      | Reached skill level 1 in Maces & Flails
  1179 | D:2      | Reached skill level 1 in Staves
  1179 | D:2      | Reached skill level 1 in Slings
  1179 | D:2      | Reached skill level 1 in Bows
  1179 | D:2      | Reached skill level 1 in Crossbows
  1179 | D:2      | Reached skill level 1 in Throwing
  1179 | D:2      | Reached skill level 1 in Armour
  1179 | D:2      | Reached skill level 1 in Shields
  1179 | D:2      | Reached skill level 1 in Unarmed Combat
  1179 | D:2      | Reached skill level 1 in Spellcasting
  1179 | D:2      | Reached skill level 1 in Evocations
  1179 | D:2      | Reached XP level 4. HP: 40/41 MP: 5/5
  1491 | D:2      | Noticed Jessica
  1501 | D:2      | Killed Jessica
  1501 | D:2      | Reached skill level 1 in Conjurations
  1501 | D:2      | Reached skill level 1 in Hexes
  1501 | D:2      | Reached skill level 1 in Charms
  1501 | D:2      | Reached skill level 1 in Summonings
  1501 | D:2      | Reached skill level 1 in Necromancy
  1501 | D:2      | Reached skill level 1 in Translocations
  1501 | D:2      | Reached skill level 1 in Transmutations
  1501 | D:2      | Reached skill level 1 in Fire Magic
  1501 | D:2      | Reached skill level 1 in Ice Magic
  1501 | D:2      | Reached skill level 1 in Air Magic
  1501 | D:2      | Reached skill level 1 in Earth Magic
  1501 | D:2      | Reached skill level 1 in Poison Magic
  2095 | D:3      | Reached XP level 5. HP: 42/47 MP: 6/6
  2193 | D:3      | Found a snail-covered altar of Cheibriados.
  2266 | D:3      | Became a worshipper of Cheibriados the Contemplative
  2266 | D:3      | Reached * piety under Cheibriados
  2266 | D:3      | Reached ** piety under Cheibriados
  2626 | D:4      | Found a staircase to the Ecumenical Temple.
  2637 | D:4      | Reached XP level 6. HP: 49/53 MP: 8/8
  3421 | D:5      | Entered Level 5 of the Dungeon
  3565 | D:5      | Reached XP level 7. HP: 58/59 MP: 10/10
  3614 | D:5      | Reached *** piety under Cheibriados
  3614 | D:5      | Reached skill level 7 in Fighting
  3716 | D:5      | Noticed Grinder
  3731 | D:5      | Killed Grinder
  3731 | D:5      | Reached skill level 5 in Stealth
  3731 | D:5      | Reached XP level 8. HP: 59/67 MP: 10/12
  3932 | D:5      | Noticed Blork the orc
  3938 | D:5      | Killed Blork the orc
  4477 | D:6      | Reached **** piety under Cheibriados
  4615 | D:6      | Reached XP level 9. HP: 52/72 MP: 14/14
  4850 | D:6      | Noticed Eustachio
  4850 | D:6      | Noticed Pikel
  4866 | D:6      | Killed Eustachio
  4868 | D:6      | Killed Pikel
  5031 | D:7      | Reached ***** piety under Cheibriados
  5034 | D:7      | Reached skill level 8 in Fighting
  5125 | D:7      | Reached skill level 5 in Invocations
  5350 | D:7      | Reached XP level 10. HP: 80/80 MP: 15/17
  5544 | D:8      | Noticed a two-headed ogre
  5556 | D:8      | Killed a two-headed ogre
  5556 | D:8      | Reached skill level 5 in Short Blades
  5556 | D:8      | Reached skill level 5 in Long Blades
  5556 | D:8      | Reached skill level 5 in Axes
  5556 | D:8      | Reached skill level 5 in Maces & Flails
  5556 | D:8      | Reached skill level 5 in Staves
  5556 | D:8      | Reached skill level 5 in Slings
  5556 | D:8      | Reached skill level 5 in Bows
  5556 | D:8      | Reached skill level 5 in Crossbows
  5556 | D:8      | Reached skill level 5 in Throwing
  5556 | D:8      | Reached skill level 5 in Armour
  5556 | D:8      | Reached skill level 5 in Shields
  5556 | D:8      | Reached skill level 5 in Unarmed Combat
  5556 | D:8      | Reached skill level 5 in Spellcasting
  5556 | D:8      | Reached skill level 5 in Evocations
  5596 | D:8      | Noticed Erica
  5696 | D:8      | Killed Erica
  5832 | D:8      | Noticed a two-headed ogre
  5848 | D:8      | Killed a two-headed ogre
  6021 | D:8      | Found Untixigiu's Jewellery Boutique.
  6033 | D:8      | Bought an uncursed ring of poison resistance for 260 gold
                  | pieces
  6142 | D:8      | Noticed Joseph
  6153 | D:8      | Killed Joseph
  6153 | D:8      | Reached XP level 11. HP: 33/87 MP: 13/19
  6706 | D:9      | Reached skill level 9 in Fighting
  6823 | D:9      | Reached skill level 5 in Conjurations
  6823 | D:9      | Reached skill level 5 in Hexes
  6823 | D:9      | Reached skill level 5 in Charms
  6823 | D:9      | Reached skill level 5 in Summonings
  6823 | D:9      | Reached skill level 5 in Necromancy
  6823 | D:9      | Reached skill level 5 in Translocations
  6823 | D:9      | Reached skill level 5 in Transmutations
  6823 | D:9      | Reached skill level 5 in Fire Magic
  6823 | D:9      | Reached skill level 5 in Ice Magic
  6823 | D:9      | Reached skill level 5 in Air Magic
  6823 | D:9      | Reached skill level 5 in Earth Magic
  6823 | D:9      | Reached skill level 5 in Poison Magic
  7378 | D:10     | Entered Level 10 of the Dungeon
  7959 | D:10     | Noticed a deep elf mage
  7994 | D:10     | Killed a deep elf mage
  8177 | D:11     | Reached XP level 12. HP: 86/96 MP: 22/22
  8338 | D:11     | Found a staircase to the Lair.
  8371 | D:11     | Noticed a two-headed ogre
  8389 | D:11     | Killed a two-headed ogre
  8958 | D:11     | Found a shattered altar of Ashenzari.
  9588 | D:11     | Found a staircase to the Orcish Mines.
  9592 | D:11     | Reached skill level 10 in Fighting
  9592 | D:11     | Reached skill level 10 in Polearms
  9592 | D:11     | Reached skill level 10 in Dodging
  9624 | D:11     | Upgraded the game from 0.24.0-13-gcf9b3192b9 to
                  | 0.24.0-28-g17ded55e90
  9687 | Lair:1   | Entered Level 1 of the Lair of Beasts
  9848 | Lair:1   | Noticed a six-headed hydra
  9858 | Lair:1   | Killed a three-headed hydra
  9928 | Lair:1   | Reached XP level 13. HP: 103/103 MP: 24/24
 10939 | Lair:2   | Noticed Sonja
 10940 | Lair:2   | Killed Sonja
 11128 | Lair:2   | Reached ****** piety under Cheibriados
 11354 | Lair:2   | Found a staircase to the Snake Pit.
 11598 | Lair:3   | Found a staircase to the Swamp.
 12526 | Lair:4   | Learned a level 1 spell: Apportation
 12528 | Lair:4   | Learned a level 1 spell: Summon Butterflies
 12532 | Lair:4   | Learned a level 3 spell: Lesser Beckoning
 12549 | Lair:4   | Reached XP level 14. HP: 108/111 MP: 26/26
 12933 | Lair:4   | Learned a level 2 spell: Blink
 12937 | Lair:4   | Learned a level 3 spell: Conjure Flame
 12941 | Lair:4   | Learned a level 3 spell: Mephitic Cloud
 13204 | Lair:5   | Found a staircase to the Slime Pits.
 13665 | Lair:6   | Entered Level 6 of the Lair of Beasts
 13754 | Lair:6   | Found a dark tunnel.
 13792 | Lair:6   | Reached skill level 11 in Fighting
 13829 | Lair:6   | Reached skill level 10 in Stealth
 13864 | Volcano  | Entered a volcano
 13889 | Volcano  | Noticed a red draconian
 13904 | Volcano  | Killed a red draconian
 14164 | Lair:6   | Reached skill level 10 in Invocations
 14720 | Lair:6   | Found a white marble altar of Elyvilon.
 15032 | Lair:6   | Found a large runed translucent door.
 15173 | Lair:6   | Found a large runed translucent door.
 15323 | Lair:6   | Reached XP level 15. HP: 119/119 MP: 28/28
 15547 | D:11     | Learned a level 3 spell: Tukima's Dance
 15578 | D:12     | Found a frozen archway.
 15598 | D:12     | Noticed Azrael
 15612 | D:12     | Killed Azrael
 15650 | D:12     | Found a flagged portal.
 15683 | Bailey   | Entered a bailey
 16208 | Bailey   | Identified a scroll of acquirement
 16547 | D:12     | Got a shimmering buckler
 16558 | D:12     | Identified the cursed +0 buckler of Tempters {rElec} (You
                  | found it on level 12 of the Dungeon)
 16639 | D:12     | Noticed Frances
 16666 | D:12     | Killed Frances
 17003 | D:12     | Noticed Kirke
 17173 | D:12     | Noticed a sphinx
 17192 | D:12     | Killed Kirke
 17764 | Orc:1    | Entered Level 1 of the Orcish Mines
 18162 | Orc:1    | Got a distressingly furry hat
 18190 | Orc:1    | Identified the +2 hat of the Known World {rElec rPois} (You
                  | found it on level 1 of the Orcish Mines)
 18228 | Orc:2    | Entered Level 2 of the Orcish Mines
 18421 | Orc:2    | Found Jahycw's Food Boutique.
 18916 | Orc:2    | Found a staircase to the Elven Halls.
 19164 | Orc:2    | Reached skill level 10 in Short Blades
 19164 | Orc:2    | Reached skill level 10 in Long Blades
 19164 | Orc:2    | Reached skill level 10 in Axes
 19164 | Orc:2    | Reached skill level 10 in Maces & Flails
 19164 | Orc:2    | Reached skill level 10 in Staves
 19164 | Orc:2    | Reached skill level 10 in Slings
 19164 | Orc:2    | Reached skill level 10 in Bows
 19164 | Orc:2    | Reached skill level 10 in Crossbows
 19164 | Orc:2    | Reached skill level 10 in Throwing
 19164 | Orc:2    | Reached skill level 10 in Armour
 19164 | Orc:2    | Reached skill level 10 in Shields
 19164 | Orc:2    | Reached skill level 10 in Unarmed Combat
 19164 | Orc:2    | Reached skill level 10 in Spellcasting
 19164 | Orc:2    | Reached skill level 10 in Evocations
 19302 | Orc:2    | Found Raihes's Antique Weapon Boutique.
 19302 | Orc:2    | Found Qeptug's Distillery.
 19309 | Orc:2    | Found Jaufreck's Armour Emporium.
 19309 | Orc:2    | Found Ziumiac's Antique Weapon Emporium.
 19339 | Orc:2    | Bought a potion of heal wounds for 65 gold pieces
 19353 | Orc:2    | Bought a +4 plate armour of magic resistance for 850 gold
                  | pieces
 19463 | Orc:2    | Bought a potion of degeneration for 13 gold pieces
 19463 | Orc:2    | Bought a potion of agility for 52 gold pieces
 19628 | D:13     | Got a faintly glowing leather armour
 20327 | D:13     | Identified the +3 leather armour of Terror {rC++ rCorr
                  | Dex-2 SInv} (You found it on level 13 of the Dungeon)
 20619 | D:14     | Reached skill level 12 in Fighting
 20636 | D:14     | Reached XP level 16. HP: 125/127 MP: 30/30
 21314 | D:14     | Found a gate to the Vaults.
 21448 | D:15     | Entered Level 15 of the Dungeon
 21563 | D:15     | Found a staircase to the Depths.
 22350 | D:11     | Learned a level 4 spell: Petrify
 22358 | D:11     | Learned a level 5 spell: Lee's Rapid Deconstruction
 22433 | Swamp:1  | Entered Level 1 of the Swamp
 22705 | Swamp:1  | Learned a level 4 spell: Passage of Golubria
 23046 | Swamp:1  | Got a translucent leather armour
 23440 | Swamp:1  | Found a hide-covered altar of Uskayaw.
 24433 | Swamp:2  | Found a runed translucent door.
 24439 | Swamp:2  | Noticed a tentacled monstrosity
 24460 | Swamp:2  | Noticed Zatibaps's ghost (journeyman FeVM)
 24461 | Swamp:2  | Identified the +3 trident of Resumed Hostilities {vamp,
                  | *Rage +Rage rC+ Dex+4 Stlth+}
 24549 | Swamp:2  | Noticed a thorn hunter
 24558 | Swamp:2  | Killed a thorn hunter
 24558 | Swamp:2  | Reached XP level 17. HP: 105/135 MP: 26/32
 25914 | Swamp:3  | Found a runed translucent gate.
 25914 | Swamp:3  | Found a runed translucent gate.
 25917 | Swamp:3  | Found a runed translucent gate.
 25918 | Swamp:3  | Noticed Gokhumny's ghost (adept GnFi)
 25918 | Swamp:3  | Noticed Ykec Esm's ghost (journeyman DrWn)
 26081 | Swamp:4  | Entered Level 4 of the Swamp
 26188 | Swamp:4  | Noticed Nikola
 26222 | Swamp:4  | Killed Nikola
 26425 | Swamp:4  | Noticed the 27-headed Lernaean hydra
 26437 | Swamp:4  | Killed the 27-headed Lernaean hydra
 26665 | Swamp:4  | Reached skill level 13 in Fighting
 26915 | Swamp:4  | Got a decaying rune of Zot
 26968 | Swamp:4  | Identified the cursed +0 leather armour "Ijigas" {rC-
                  | Dex+7} (You found it on level 1 of the Swamp)
 27723 | D:11     | Learned a level 2 spell: Passwall
 27788 | Snake:1  | Entered Level 1 of the Snake Pit
 27948 | Snake:1  | Learned a level 3 spell: Regeneration
 28179 | Snake:1  | Reached skill level 10 in Conjurations
 28179 | Snake:1  | Reached skill level 10 in Hexes
 28179 | Snake:1  | Reached skill level 10 in Charms
 28179 | Snake:1  | Reached skill level 10 in Summonings
 28179 | Snake:1  | Reached skill level 10 in Necromancy
 28179 | Snake:1  | Reached skill level 10 in Translocations
 28179 | Snake:1  | Reached skill level 10 in Transmutations
 28179 | Snake:1  | Reached skill level 10 in Fire Magic
 28179 | Snake:1  | Reached skill level 10 in Ice Magic
 28179 | Snake:1  | Reached skill level 10 in Air Magic
 28179 | Snake:1  | Reached skill level 10 in Earth Magic
 28179 | Snake:1  | Reached skill level 10 in Poison Magic
 28681 | Snake:1  | Noticed Rupert
 28692 | Snake:1  | Killed Rupert
 28692 | Snake:1  | Reached XP level 18. HP: 137/143 MP: 4/33
 28822 | Snake:1  | Noticed Aizul
 28833 | Snake:1  | Killed Aizul
 29747 | Snake:2  | Got an iridescent trident
 29748 | Snake:2  | Identified the cursed +0 trident of Spontaneous Combustion
                  | {freeze, Dex+4} (You found it on level 2 of the Snake Pit)
 30635 | Snake:2  | Noticed Vashnia
 30668 | Snake:2  | Killed Vashnia
 30982 | Snake:3  | Got a clouded steel ring
 30983 | Snake:3  | Identified the ring of Coklimp {rPois rN+ Dex+2} (You
                  | acquired it on level 3 of the Snake Pit)
 31167 | Snake:3  | Found a transporter.
 31170 | Snake:3  | Noticed Zabaguy's ghost (adept GnWn)
 31184 | Snake:3  | Found a transporter.
 31343 | Snake:3  | Found a glowing golden altar of the Shining One.
 31825 | Snake:3  | Killed Zabaguy's ghost
 31851 | Snake:3  | Identified the ring of the Devil's Advocate {Slay+2 SInv}
                  | (You found it on level 3 of the Snake Pit)
 31917 | Snake:4  | Entered Level 4 of the Snake Pit
 32453 | Snake:4  | Found Qoafor's Book Emporium.
 32572 | Snake:4  | Found a runed translucent door.
 32579 | Snake:4  | Noticed happy's ghost (adept DsAr)
 32600 | Snake:4  | Reached XP level 19. HP: 144/151 MP: 35/35
 32729 | Snake:4  | Identified the +1 ring mail "Kidon" {rPois Regen+ Str+9
                  | Int-3} (You found it on level 4 of the Snake Pit)
 33539 | Snake:4  | Got a serpentine rune of Zot
 33587 | Snake:4  | Reached skill level 14 in Fighting
 33727 | Snake:4  | Killed happy's ghost
 34056 | Swamp:3  | Killed Ykec Esm's ghost
 34057 | Swamp:3  | Killed Gokhumny's ghost
 34543 | Vaults:1 | Entered Level 1 of the Vaults
 34559 | Vaults:1 | Learned a level 4 spell: Animate Dead
 34561 | Vaults:1 | Learned a level 1 spell: Confusing Touch
 36052 | Vaults:1 | Reached XP level 20. HP: 159/159 MP: 12/36
 36559 | Vaults:1 | Found Wusosele's Food Boutique.
 36885 | Vaults:2 | Noticed Donald
 36896 | Vaults:2 | Killed Donald
 37123 | Vaults:2 | Found a ruined gateway.
 37132 | Desolati | Entered the Desolation of Salt
 37219 | Desolati | Learned a level 5 spell: Yara's Violent Unravelling
 37649 | Desolati | Got a sparkling copper ring
 37676 | Desolati | Identified a +2 pair of boots of running (You found it in
                  | the Desolation of Salt)
 37687 | Desolati | Identified the ring of Moamuhi {*Corrode AC+3 Dex+8} (You
                  | found it in the Desolation of Salt)
 37888 | Desolati | Reached XP level 21. HP: 154/166 MP: 38/38
 38194 | Desolati | Identified the Guide on Vitriolic Clay
 38197 | Desolati | Identified Noly's Catalogue of the Assistive Frostbite
 38203 | Desolati | Got a twisted hand crossbow
 38209 | Desolati | Identified the cursed +1 hand crossbow of Destruction
                  | {penet, Int+2} (You found it in the Desolation of Salt)
 39258 | Vaults:2 | Noticed Xtahua
 39281 | Vaults:2 | Killed Xtahua
 39281 | Vaults:2 | Reached skill level 15 in Fighting
 39281 | Vaults:2 | Reached skill level 15 in Polearms
 39281 | Vaults:2 | Reached skill level 15 in Dodging
 39638 | Vaults:2 | Reached skill level 15 in Invocations
 40469 | D:11     | Learned a level 5 spell: Borgnjor's Vile Clutch
 40956 | Vaults:3 | Found a staircase to the Crypt.
 41482 | Vaults:3 | Reached XP level 22. HP: 175/175 MP: 36/40
 41743 | Vaults:3 | Noticed Frederick
 41754 | Vaults:3 | Killed Frederick
 41947 | Vaults:3 | Found Zyivvunk's Gadget Emporium.
 41957 | Vaults:3 | Bought a wand of acid (7) for 286 gold pieces
 42332 | Vaults:3 | Found Ihiod's Weapon Shop.
 42332 | Vaults:3 | Noticed Margery
 42339 | Vaults:3 | Killed Margery
 43229 | D:8      | Bought an uncursed ring of protection from cold for 325
                  | gold pieces
 43529 | Vaults:4 | Found Notanoli's General Store.
 43543 | Vaults:4 | Learned a level 6 spell: Iron Shot
 43867 | Vaults:4 | Reached skill level 15 in Stealth
 44672 | Vaults:4 | Identified the cursed +1 scythe of Urgency {slice, Int+2}
 44955 | Vaults:4 | Bought a potion of heal wounds for 100 gold pieces
 45120 | Vaults:4 | Reached XP level 23. HP: 183/183 MP: 35/41
 45738 | Elf:1    | Entered Level 1 of the Elven Halls
 46100 | Elf:1    | Identified the Volume of Conjuration
 46883 | Elf:2    | Found a flickering gateway to a bazaar.
 46898 | Bazaar   | Entered a bazaar
 46898 | Bazaar   | Found Taitonk's Antique Weapon Shop.
 46910 | Bazaar   | Found Xaobliph's Antique Armour Shop.
 46937 | Bazaar   | Found Guow's Distillery.
 46946 | Bazaar   | Bought a potion of brilliance for 48 gold pieces
 46946 | Bazaar   | Bought a potion of agility for 48 gold pieces
 46946 | Bazaar   | Bought a potion of ambrosia for 96 gold pieces
 46946 | Bazaar   | Bought a potion of magic for 96 gold pieces
 46946 | Bazaar   | Bought a potion of might for 48 gold pieces
 46946 | Bazaar   | Bought a potion of ambrosia for 96 gold pieces
 46959 | Bazaar   | Bought a runed broad axe for 175 gold pieces
 47574 | Elf:2    | Found a runed translucent gate.
 47574 | Elf:2    | Found a runed translucent gate.
 47575 | Elf:2    | Found a runed translucent gate.
 47802 | Elf:3    | Entered Level 3 of the Elven Halls
 47825 | Elf:3    | Reached skill level 16 in Fighting
 47965 | Elf:2    | Got a crude golden ring
 47966 | Elf:2    | Identified the ring "Yddymi" {*Corrode rElec rF+++ MR+
                  | Str+2} (You acquired it on level 2 of the Elven Halls)
 48153 | Elf:3    | Reached skill level 15 in Short Blades
 48153 | Elf:3    | Reached skill level 15 in Long Blades
 48153 | Elf:3    | Reached skill level 15 in Axes
 48153 | Elf:3    | Reached skill level 15 in Maces & Flails
 48153 | Elf:3    | Reached skill level 15 in Staves
 48153 | Elf:3    | Reached skill level 15 in Slings
 48153 | Elf:3    | Reached skill level 15 in Bows
 48153 | Elf:3    | Reached skill level 15 in Crossbows
 48153 | Elf:3    | Reached skill level 15 in Throwing
 48153 | Elf:3    | Reached skill level 15 in Armour
 48153 | Elf:3    | Reached skill level 15 in Shields
 48153 | Elf:3    | Reached skill level 15 in Unarmed Combat
 48153 | Elf:3    | Reached skill level 15 in Spellcasting
 48153 | Elf:3    | Reached skill level 15 in Evocations
 49599 | Elf:3    | Identified Alleuwez's Catalogue of Illusion and the Rocks
 49602 | Elf:3    | Identified Leungu's Tome of Attacks
 49608 | Elf:3    | Identified the +1 cloak of Amelioration {+Blink Dex+4} (You
                  | found it on level 3 of the Elven Halls)
 49856 | Elf:3    | Upgraded the game from 0.24.0-28-g17ded55e90 to
                  | 0.24.0-29-g8ce449bc06
 50142 | Snake:4  | Bought a book of Enchantments for 1000 gold pieces
 50149 | Snake:4  | Learned a level 6 spell: Deflect Missiles
 50277 | D:11     | Learned a level 5 spell: Silence
 50401 | Depths:1 | Entered Level 1 of the Depths
 50495 | Depths:1 | Noticed Sojobo
 50519 | Depths:1 | Killed Sojobo
 50519 | Depths:1 | Reached XP level 24. HP: 160/191 MP: 38/42
 51369 | Depths:1 | Found a gateway to Hell.
 51535 | Depths:2 | Noticed a juggernaut
 51956 | Depths:2 | Identified the +6 ring mail of Qixte {Regen+ SInv} (You
                  | found it on level 2 of the Depths)
 52154 | Depths:2 | Identified the +0 pair of gloves "Ponis" {MR+ Int+4 Dex-2}
 52412 | Depths:2 | Killed a juggernaut
 52412 | Depths:2 | Reached skill level 17 in Fighting
 52949 | Depths:3 | Found a flickering gateway to a bazaar.
 53020 | Bazaar   | Entered a bazaar
 53020 | Bazaar   | Found Poinel Defa's General Store.
 53020 | Bazaar   | Found Pabrarch's Magic Scroll Shoppe.
 53025 | Bazaar   | Found Allogom's Gadget Shop.
 53060 | Bazaar   | Found Nefeghytto's Antique Weapon Shoppe.
 53065 | Bazaar   | Found Seicix's General Store.
 53101 | Bazaar   | Bought a wand of clouds (8) for 432 gold pieces
 53101 | Bazaar   | Bought a wand of digging (5) for 216 gold pieces
 53108 | Bazaar   | Bought 3 scrolls of enchant armour for 360 gold pieces
 53108 | Bazaar   | Bought a scroll of enchant armour for 120 gold pieces
 53118 | Bazaar   | Bought a scroll of blinking for 105 gold pieces
 53128 | Bazaar   | Bought a scroll of summoning for 152 gold pieces
 53148 | Bazaar   | Bought a scroll of teleportation for 33 gold pieces
 53148 | Bazaar   | Bought a scroll of fog for 22 gold pieces
 53224 | Depths:3 | Found a sparkling altar of Nemelex Xobeh.
 53441 | Depths:3 | Found a one-way gate to the infinite horrors of the Abyss.
 53451 | Depths:3 | Reached XP level 25. HP: 201/201 MP: 37/42
 54267 | Depths:3 | Found a one-way gate leading to the halls of Pandemonium.
 54717 | Depths:3 | Noticed an ancient lich
 54727 | Depths:3 | Killed an ancient lich
 55142 | D:11     | Learned a level 7 spell: Spellforged Servitor
 55418 | Depths:4 | Noticed the Enchantress
 55441 | Depths:4 | Killed the Enchantress
 55880 | Depths:4 | Found a gateway to a ziggurat.
 56024 | Depths:4 | Reached skill level 18 in Fighting
 56271 | Depths:5 | Entered Level 5 of the Depths
 56406 | Depths:5 | Got a faintly glowing ivory ring
 56407 | Depths:5 | Identified the ring "Isky" {Ice *Drain rN+ Str+2 Int+3}
                  | (You found it on level 5 of the Depths)
 56482 | Depths:5 | Identified a +0 pair of boots of running (You found it on
                  | level 5 of the Depths)
 57303 | Depths:5 | Found a gate to the Realm of Zot.
 57411 | Depths:5 | Reached XP level 26. HP: 211/211 MP: 11/43
 57981 | Vaults:5 | Entered Level 5 of the Vaults
 58938 | Vaults:5 | Reached skill level 19 in Fighting
 59011 | Vaults:5 | Got a silver rune of Zot
 59360 | Vaults:5 | Noticed an ancient lich
 59391 | Vaults:5 | Killed an ancient lich
 59531 | Vaults:5 | Reached XP level 27. HP: 222/222 MP: 33/43
 60768 | Vaults:5 | Got a steaming hunting sling
 60769 | Vaults:5 | Identified the +3 hunting sling of Lesummuv {speed, rF+
                  | Dex+2} (You found it on level 5 of the Vaults)
 60773 | Vaults:5 | Got a slimy whip
 60779 | Vaults:5 | Identified the +5 whip of Corruption {flame, -Tele rC+++
                  | Int+4} (You found it on level 5 of the Vaults)
 62106 | Depths:2 | Learned a level 6 spell: Shadow Creatures
 62370 | Snake:4  | Bought a book of Annihilations for 2208 gold pieces
 62434 | Snake:1  | Learned a level 8 spell: Lehudib's Crystal Spear
 62781 | Zot:1    | Entered Level 1 of the Realm of Zot
 63321 | Zot:1    | Noticed an orb of fire
 63326 | Zot:1    | Gained mutation: Scrolls take you a little longer to read.
                  | [an orb of fire]
 63332 | Zot:1    | Gained mutation: Your body sometimes deteriorates upon
                  | taking damage. [an orb of fire]
 63424 | Depths:5 | Lost mutation: Your body sometimes deteriorates upon taking
                  | damage. [potion of mutation]
 63424 | Depths:5 | Lost mutation: Scrolls take you a little longer to read.
                  | [potion of mutation]
 63424 | Depths:5 | Gained mutation: You are covered in fur. (AC +1) [potion of
                  | mutation]
 63424 | Depths:5 | Gained mutation: You are partially covered in large bone
                  | plates. (SH +4) [potion of mutation]
 63424 | Depths:5 | Gained mutation: You tend to lose your temper in combat.
                  | [potion of mutation]
 63424 | Depths:5 | Gained mutation: Your movements are slightly less
                  | encumbered by armour. (ER -2) [potion of mutation]
 63425 | Depths:5 | Lost mutation: You tend to lose your temper in combat.
                  | [potion of mutation]
 63425 | Depths:5 | Gained mutation: Your body sometimes deteriorates upon
                  | taking damage. [potion of mutation]
 63425 | Depths:5 | Lost mutation: Your body sometimes deteriorates upon taking
                  | damage. [potion of mutation]
 63425 | Depths:5 | Gained mutation: You evolve. [potion of mutation]
 63445 | Zot:1    | Reached skill level 15 in Conjurations
 63445 | Zot:1    | Reached skill level 15 in Hexes
 63445 | Zot:1    | Reached skill level 15 in Charms
 63445 | Zot:1    | Reached skill level 15 in Summonings
 63445 | Zot:1    | Reached skill level 15 in Necromancy
 63445 | Zot:1    | Reached skill level 15 in Translocations
 63445 | Zot:1    | Reached skill level 15 in Transmutations
 63445 | Zot:1    | Reached skill level 15 in Fire Magic
 63445 | Zot:1    | Reached skill level 15 in Ice Magic
 63445 | Zot:1    | Reached skill level 15 in Air Magic
 63445 | Zot:1    | Reached skill level 15 in Earth Magic
 63445 | Zot:1    | Reached skill level 15 in Poison Magic
 63746 | Zot:1    | Gained mutation: You are frail. (-10% HP) [an orb of fire]
 63748 | Zot:1    | Killed an orb of fire
 63748 | Zot:1    | Reached skill level 20 in Fighting
 63928 | Zot:2    | Noticed an orb of fire
 63933 | Zot:2    | Killed an orb of fire
 64340 | Zot:2    | You fall into a shaft and drop 2 floors!
 64437 | Zot:4    | Gained mutation: Your spells are a little easier to cast,
                  | but a little less powerful. [evolution]
 64500 | Zot:4    | Identified the +4 dragonskin cloak
 64500 | Zot:4    | Noticed Tiamat
 64717 | Zot:4    | Killed Tiamat
 66666 | Zot:5    | Entered Level 5 of the Realm of Zot
 66917 | Zot:5    | Reached skill level 21 in Fighting
 67450 | Zot:5    | Noticed an orb of fire
 67451 | Zot:5    | Noticed an orb of fire
 67455 | Zot:5    | Noticed an orb of fire
 67466 | Zot:5    | Lost mutation: You are partially covered in large bone
                  | plates. (SH +4) [an orb of fire]
 67467 | Zot:5    | Killed an orb of fire
 67468 | Zot:5    | Lost mutation: You are frail. (-10% HP) [an orb of fire]
 67472 | Zot:5    | Gained mutation: You are weak. (Str -2) [an orb of fire]
 67473 | Zot:5    | Killed an orb of fire
 67474 | Zot:5    | Killed an orb of fire
 67474 | Zot:5    | Noticed an orb of fire
 67475 | Zot:5    | Killed an orb of fire
 67492 | Zot:5    | Noticed an ancient lich
 67498 | Zot:5    | Killed an ancient lich
 67572 | Zot:5    | Noticed an ancient lich
 67578 | Zot:5    | Killed an ancient lich
 68508 | Zot:5    | Reached skill level 22 in Fighting
 68831 | Zot:5    | Gained mutation: Your flesh is heat resistant. (rF+)
                  | [evolution]
 69952 | Vaults:3 | Bought a wand of digging (5) for 234 gold pieces
 70476 | Zot:5    | Learned a level 4 spell: Summon Lightning Spire
 70481 | Zot:5    | Got the Orb of Zot
 70872 | D:12     | Noticed Anwurhap the pandemonium lord
 70908 | D:12     | Killed Anwurhap the pandemonium lord
 71243 | D:1      | Upgraded the game from 0.24.0-29-g8ce449bc06 to
                  | 0.24.0-35-gdb84b6a5db
 71245 | D:$      | Escaped with the Orb!

Levels and vault maps discovered:
D:1:      dpeg_arrival_lava_temple_mockup, layout_basic
D:2:      wander_river, layout_basic, uniq_jessica
D:3:      layout_rooms, lemuel_doored_altar
D:4:      layout_layer_cave, minmay_temple_entry_wispy, first_ration,
          gup_sewer_entry_spiral
D:5:      layout_basic, uniq_blork_the_orc, uniq_grinder
D:6:      layout_loops_cross, uniq_eustachio, uniq_pikel
D:7:      layout_cave_pools
D:8:      layout_basic, serial_shops, nicolae_shop_behind_doors, uniq_erica,
          uniq_joseph
D:9:      layout_irregular_city
D:10:     layout_basic
D:11:     layout_basic, due_lair_maze_entry_diamond,
          kennysheep_orc_monster_closet_entryway, hangedman_stone_soup,
          nicolae_ashenzari_panopticon
D:12:     layout_basic, enter_bailey_3, portal_ice_cave_entry_pillars_1,
          kennysheep_generic_room_2, uniq_frances, uniq_kirke, uniq_azrael
D:13:     layout_basic, chequers_jeans
D:14:     layout_irregular_city, ximxim_vaults_locker_room,
          minmay_misc_feat_cross
D:15:     hangedman_depths_entry_civil_slaughter, layout_small_grid
Lair:1:   layout_hall_layers, lemuel_fruit_fields, grunt_megastairs_2,
          serial_bayou_shore_b
Lair:2:   layout_cave_pods, guppyfry_snake_entry_island, special_room
          [special_room_bee], serial_rivers, chequers_serial_rivers_small_a,
          chequers_serial_rivers_micro_b, chequers_serial_rivers_micro_d,
          chequers_serial_rivers_room_b, chequers_serial_rivers_room_a,
          chequers_serial_rivers_micro_c, uniq_sonja
Lair:3:   layout_cave_pods, swamp_mist_pool, beast_lair_carwin_8,
          grunt_megastairs_5, lemuel_fruit_tree
Lair:4:   layout_roguey, worms_lemuel
Lair:5:   layout_gridlike, dpeg_slime_entry_corner, st_stairs_12,
          chequers_serial_rivers_micro_c, lookout_lair_type
Lair:6:   cheibrodos_lair_end_hotspot, layout_cave_pods, basic_altar,
          nicolae_volcano_entry_lava_flow
Swamp:1:  layout_falls_marsh, basic_altar
Swamp:2:  layout_basic_swamp, ebering_ghost_funeral_grove,
          evilmike_swamp_ruin_house_1
Swamp:3:  layout_falls_marsh, gammafunk_ghost_cemetery,
          nicolae_swamp_trees_clearing
Swamp:4:  swamp_old_school, layout_basic_swamp, uniq_nikola
Snake:1:  layout_layer_cave, uniq_aizul, uniq_rupert
Snake:2:  layout_honeycomb, uniq_vashnia
Snake:3:  minmay_snake_river, layout_cave_shapes, basic_altar,
          gammafunk_ghost_berserking_beasts
Snake:4:  grunt_snake_rune_pools, layout_cave_town, ebering_ghost_inner_flame,
          serial_shops, shop
Orc:1:    layout_caves, hangedman_minor_magic
Orc:2:    st_orc_elflike, layout_diamond_mine, serial_shops, shop
Elf:1:    layout_gridlike, minmay_elf_annihilation, grunt_ministairs_5
Elf:2:    layout_gridlike, serial_shops, bzr_entry_road, minmay_misc_feat_alley
Elf:3:    minmay_elf_hall_furrowed, layout_loops_cross
Vaults:1: v_pattern_1, v_misc_30, hangedman_vaults_pinch,
          nicolae_vaults_mini_display_case, grunt_vaults_swirl,
          dpeg_vaults_pockets_of_resistance, v_misc_27, ontoclasm_vaults_tryst,
          grunt_vaults_hallway_short, nicolae_vaults_rhombus_5,
          vaults_dpeg_diagonal, layout_vaults_omnicross, serial_shops, shop
Vaults:2: nicolae_vaults_alarming, vaults_dpeg_ring,
          nicolae_vaults_angled_halls, nicolae_vaults_little_squares_6,
          v_misc_17, v_pattern_2, hangedman_vaults_corner_blocks,
          dpeg_vaults_monster_row, v_misc_13, vaults_room_semicircle,
          nicolae_vaults_hallways_thing, nicolae_vaults_triangles,
          nicolae_vaults_puzzle_piece, nicolae_vaults_windows_and_doors_thing,
          hangedman_vaults_stretched_pinwheel, v_misc_15, layout_vaults_maze,
          portal_desolation_entry_nicolae_nacl, uniq_xtahua, uniq_donald
Vaults:3: minmay_crypt_entry_simple_corners, hangedman_vaults_hat,
          grunt_vaults_hallway_short, vaults_mumra_hexcomb, vaults_room_corners,
          v_alt_pattern_4, v_misc_22, hangedman_vaults_impose,
          nicolae_vaults_big_ls, v_misc_3, st_eye, ontoclasm_vaults_spin,
          layout_vaults_omnibox, serial_shops, shop, shop, uniq_frederick,
          uniq_margery
Vaults:4: hangedman_vaults_unwind, v_misc_8, ontoclasm_vaults_misaligned,
          hangedman_vaults_stretched_pinwheel, ontoclasm_vaults_misaligned,
          nicolae_vaults_angled_halls, vaults_room_glass_cross,
          nicolae_vaults_network_quinsquares
          [nicolae_vaults_network_quincunx_subvault,
          nicolae_vaults_network_quincunx_subvault,
          nicolae_vaults_network_quincunx_subvault,
          nicolae_vaults_network_quincunx_subvault], vaults_room_semicircle,
          ontoclasm_vaults_shuriken, layout_vaults_quadrants, serial_shops,
          shop_fountains
Vaults:5: serial_shops
Depths:1: minmay_dotted_concentric_squares, layout_basic,
          hangedman_decor_clover_reticule, pf_hell_entry_tar_spiral,
          minmay_crystal_water, serial_sigils_hangedman_confine,
          item_on_display_a, uniq_sojobo
Depths:2: minmay_tri_stars, layout_basic, pf_coc_iceberg,
          minmay_shattered_shrine, infiniplex_staircase_squiggle
Depths:3: constructs_gauntlet_mu_hangedman, layout_basic, hell_entry,
          serial_shops, bzr_entry_water, kennysheep_flooded_box,
          hangedman_abyss_entry_splay, grunt_pan_entry_in_and_out,
          hangedman_abyss_or_decor_jellyfish_corner, infiniplex_staircase_spiral
Depths:4: lemuel_firewalk_3, layout_cross, enter_ziggurat_e, hell_entry,
          abyss_entry, uniq_enchantress
Depths:5: grunt_zot_entry_tricorne, layout_gridlike, nrook_pool_corridor,
          grunt_mini_vestibule
Zot:1:    kennysheep_ambush_hall, layout_basic, grunt_megastairs_3
Zot:2:    kennysheep_blocky_room, layout_onion, grunt_ministairs_3, st_stairs_7,
          nicolae_zot_crop_circle
Zot:3:    kennysheep_six_static_rooms, layout_cathedral_of_symmetry
Zot:4:    layout_misc_corridors, bh_zot_lava_cross, lemuel_elevator, uniq_tiamat
Zot:5:    layout_basic

Skill      XL: |  1  2  3  4  5  6  7  8  9 10 11 12 13 14 15 16 17 18 19 20 21 22 23 24 25 26 27 |
---------------+----------------------------------------------------------------------------------+-----
Invocations    | 1 2 3 4 5 6 7 8 9 10 11 12 13 14 15 16 17 18 20 | 20.3
Short Blades   | 1 2 3 4 5 6 7 8 9 10 11 12 13 14 15 16 18 | 18.9
Long Blades    | 1 2 3 4 5 6 7 8 9 10 11 12 13 14 15 16 18 | 18.9
Axes           | 1 2 3 4 5 6 7 8 9 10 11 12 13 14 15 16 18 | 18.9
Maces & Flails | 1 2 3 4 5 6 7 8 9 10 11 12 13 14 15 16 18 | 18.9
Staves         | 1 2 3 4 5 6 7 8 9 10 11 12 13 14 15 16 18 | 18.9
Slings         | 1 2 3 4 5 6 7 8 9 10 11 12 13 14 15 16 18 | 18.9
Bows           | 1 2 3 4 5 6 7 8 9 10 11 12 13 14 15 16 18 | 18.9
Crossbows      | 1 2 3 4 5 6 7 8 9 10 11 12 13 14 15 16 18 | 18.9
Throwing       | 1 2 3 4 5 6 7 8 9 10 11 12 13 14 15 16 18 | 18.9
Armour         | 1 2 3 4 5 6 7 8 9 10 11 12 13 14 15 16 18 | 18.9
Shields        | 1 2 3 4 5 6 7 8 9 10 11 12 13 14 15 16 18 | 18.9
Unarmed Combat | 1 2 3 4 5 6 7 8 9 10 11 12 13 14 15 16 18 | 18.9
Spellcasting   | 1 2 3 4 5 6 7 8 9 10 11 12 13 14 15 16 18 | 18.9
Evocations     | 1 2 3 4 5 6 7 8 9 10 11 12 13 14 15 16 18 | 18.9
Conjurations   | 1 2 3 4 5 6 7 8 9 10 11 12 13 14 16 | 16.3
Hexes          | 1 2 3 4 5 6 7 8 9 10 11 12 13 14 16 | 16.3
Charms         | 1 2 3 4 5 6 7 8 9 10 11 12 13 14 16 | 16.3
Summonings     | 1 2 3 4 5 6 7 8 9 10 11 12 13 14 16 | 16.3
Necromancy     | 1 2 3 4 5 6 7 8 9 10 11 12 13 14 16 | 16.3
Translocations | 1 2 3 4 5 6 7 8 9 10 11 12 13 14 16 | 16.3
Transmutations | 1 2 3 4 5 6 7 8 9 10 11 12 13 14 16 | 16.3
Fire Magic     | 1 2 3 4 5 6 7 8 9 10 11 12 13 14 16 | 16.3
Ice Magic      | 1 2 3 4 5 6 7 8 9 10 11 12 13 14 16 | 16.3
Air Magic      | 1 2 3 4 5 6 7 8 9 10 11 12 13 14 16 | 16.3
Earth Magic    | 1 2 3 4 5 6 7 8 9 10 11 12 13 14 16 | 16.3
Poison Magic   | 1 2 3 4 5 6 7 8 9 10 11 12 13 14 16 | 16.3
Fighting       | 7 8 9 10 11 12 13 14 15 16 17 18 19 22 | 22.2
Polearms       | 7 8 9 10 11 12 13 14 15 16 17 19 | 19.7
Dodging        | 7 8 9 10 11 12 13 14 15 16 17 19 | 19.7
Stealth        | 5 6 7 8 9 10 11 12 13 14 15 16 17 19 | 19.2

Action                   |  1- 3 |  4- 6 |  7- 9 | 10-12 | 13-15 | 16-18 | 19-21 | 22-24 | 25-27 || total
-------------------------+-------+-------+-------+-------+-------+-------+-------+-------+-------++-------
Melee: Spear             |   103 |   255 |    65 |       |       |       |       |       |       ||   423
       Bite              |    10 |    41 |    61 |   194 |   350 |   333 |   251 |   220 |   324 ||  1784
       Punch             |       |     3 |     6 |     7 |       |       |       |       |       ||    16
       Quarterstaff      |       |       |    66 |   660 |    21 |       |       |       |       ||   747
       Hand axe          |       |       |   157 |   109 |    40 |       |       |       |       ||   306
       Scimitar          |       |       |       |     3 |  1068 |     6 |       |       |       ||  1077
       Eveningstar       |       |       |       |       |    92 |  1324 |  1104 |   962 |  1424 ||  4906
       War axe           |       |       |       |       |       |    27 |       |       |       ||    27
       Staff             |       |       |       |       |       |       |    19 |       |       ||    19
       Broad axe         |       |       |       |       |       |       |     9 |       |       ||     9
       Whip              |       |       |       |       |       |       |       |       |    44 ||    44
 Fire: Hunting sling     |       |       |    34 |    21 |    25 |       |       |       |       ||    80
       Longbow           |       |       |       |     4 |       |       |       |       |       ||     4
       Hand crossbow     |       |       |       |       |       |       |    55 |    91 |    19 ||   165
Throw: Dart              |     1 |     1 |    29 |    30 |     1 |       |       |       |       ||    62
       Boomerang         |       |       |    10 |    40 |   360 |   228 |    96 |   153 |   251 ||  1138
       Stone             |       |       |       |    22 |       |       |       |       |       ||    22
       Javelin           |       |       |       |       |     3 |       |     2 |       |    47 ||    52
 Cast: Apportation       |       |       |       |       |    12 |    81 |    46 |    62 |   193 ||   394
       Lesser Beckoning  |       |       |       |       |    17 |    42 |    98 |    52 |   114 ||   323
       Tukima's Dance    |       |       |       |       |     4 |       |     1 |       |       ||     5
       Petrify           |       |       |       |       |       |   103 |    17 |     7 |       ||   127
       Conjure Flame     |       |       |       |       |       |     7 |       |       |       ||     7
       Mephitic Cloud    |       |       |       |       |       |     1 |       |       |       ||     1
       Lee's Rapid Decon |       |       |       |       |       |    39 |    63 |    86 |    34 ||   222
       Blink             |       |       |       |       |       |     2 |     5 |     1 |    11 ||    19
       Regeneration      |       |       |       |       |       |     4 |    18 |    15 |    40 ||    77
       Passage of Golubr |       |       |       |       |       |     2 |     5 |     1 |     5 ||    13
       Yara's Violent Un |       |       |       |       |       |       |     1 |     5 |       ||     6
       Borgnjor's Vile C |       |       |       |       |       |       |     2 |    33 |    60 ||    95
       Summon Butterflie |       |       |       |       |       |       |     2 |     1 |       ||     3
       Deflect Missiles  |       |       |       |       |       |       |       |     2 |     5 ||     7
       Silence           |       |       |       |       |       |       |       |     1 |     4 ||     5
       Passwall          |       |       |       |       |       |       |       |     7 |    13 ||    20
       Iron Shot         |       |       |       |       |       |       |       |     4 |     2 ||     6
       Confusing Touch   |       |       |       |       |       |       |       |     2 |       ||     2
       Spellforged Servi |       |       |       |       |       |       |       |       |    14 ||    14
       Lehudib's Crystal |       |       |       |       |       |       |       |       |     1 ||     1
Invok: Slouch            |       |       |       |    10 |     5 |     9 |    12 |     3 |       ||    39
       Bend Time         |       |       |       |     4 |     1 |     1 |       |     1 |     1 ||     8
       Temporal Distorti |       |       |       |     1 |       |     2 |       |       |       ||     3
 Abil: Evoke Flight      |       |       |       |       |       |     4 |       |     1 |     3 ||     8
       Evoke Invisibilit |       |       |       |       |       |     1 |     1 |     7 |     2 ||    11
Evoke: Wand              |       |       |     7 |     4 |     2 |     2 |     3 |       |    17 ||    35
       Lamp of fire      |       |       |       |       |       |     1 |     3 |       |       ||     4
       Lightning rod     |       |       |       |       |       |       |     4 |       |       ||     4
       Fan of gales      |       |       |       |       |       |       |       |       |     1 ||     1
       Phantom mirror    |       |       |       |       |       |       |       |       |     1 ||     1
  Use: Scroll            |       |     3 |     3 |    13 |    10 |    25 |     9 |    18 |    18 ||    99
       Potion            |       |       |     1 |       |     1 |     4 |       |     5 |    11 ||    22
 Stab: Sleeping          |     6 |       |       |     1 |     7 |       |     6 |     9 |     8 ||    37
       Paralysed         |       |       |    13 |     3 |       |       |       |       |       ||    16
       Distracted        |       |       |       |       |     1 |     1 |       |     3 |     5 ||    10
       Petrified         |       |       |       |       |       |   148 |    14 |     1 |       ||   163
       Petrifying        |       |       |       |       |       |    35 |     2 |     1 |       ||    38
       Confused          |       |       |       |       |       |     5 |       |     1 |       ||     6
       Invisible         |       |       |       |       |       |     4 |     9 |    18 |     4 ||    35
  Eat: Chunk             |     1 |     5 |     5 |    14 |    23 |    14 |    13 |    19 |    15 ||   109
       Ration            |       |       |       |       |       |     4 |     2 |     2 |     9 ||    17
Armor: Robe              |     3 |       |       |       |       |       |       |       |       ||     3
       Chain mail        |    12 |   109 |   112 |   232 |       |       |       |       |       ||   465
       Plate armour      |       |       |       |    30 |   319 |   840 |   363 |   260 |    38 ||  1850
       Ring mail         |       |       |       |       |    12 |       |       |       |       ||    12
       Leather armour    |       |       |       |       |     6 |       |       |       |       ||     6
       Acid dragon scale |       |       |       |       |       |       |       |       |   173 ||   173
Dodge: Dodged            |    31 |   118 |   154 |   586 |   766 |  1349 |   802 |   599 |   955 ||  5360
       Deflected         |       |       |       |       |       |       |       |    21 |    53 ||    74
Block: Buckler           |       |       |       |       |   614 |  1062 |   679 |   151 |       ||  2506
       Shield            |       |       |       |       |       |       |       |   526 |  1479 ||  2005
       Rpst.: Scimitar   |       |       |       |       |   169 |       |       |       |       ||   169

Levels and vault maps discovered:
D:1:      dpeg_arrival_lava_temple_mockup, layout_basic
D:2:      wander_river, layout_basic, uniq_jessica
D:3:      layout_rooms, lemuel_doored_altar
D:4:      layout_layer_cave, minmay_temple_entry_wispy, first_ration,
          gup_sewer_entry_spiral
D:5:      layout_basic, uniq_blork_the_orc, uniq_grinder
D:6:      layout_loops_cross, uniq_eustachio, uniq_pikel
D:7:      layout_cave_pools
D:8:      layout_basic, serial_shops, nicolae_shop_behind_doors, uniq_erica,
          uniq_joseph
D:9:      layout_irregular_city
D:10:     layout_basic
D:11:     layout_basic, due_lair_maze_entry_diamond,
          kennysheep_orc_monster_closet_entryway, hangedman_stone_soup,
          nicolae_ashenzari_panopticon
D:12:     layout_basic, enter_bailey_3, portal_ice_cave_entry_pillars_1,
          kennysheep_generic_room_2, uniq_frances, uniq_kirke, uniq_azrael
D:13:     layout_basic, chequers_jeans
D:14:     layout_irregular_city, ximxim_vaults_locker_room,
          minmay_misc_feat_cross
D:15:     hangedman_depths_entry_civil_slaughter, layout_small_grid
Lair:1:   layout_hall_layers, lemuel_fruit_fields, grunt_megastairs_2,
          serial_bayou_shore_b
Lair:2:   layout_cave_pods, guppyfry_snake_entry_island, special_room
          [special_room_bee], serial_rivers, chequers_serial_rivers_small_a,
          chequers_serial_rivers_micro_b, chequers_serial_rivers_micro_d,
          chequers_serial_rivers_room_b, chequers_serial_rivers_room_a,
          chequers_serial_rivers_micro_c, uniq_sonja
Lair:3:   layout_cave_pods, swamp_mist_pool, beast_lair_carwin_8,
          grunt_megastairs_5, lemuel_fruit_tree
Lair:4:   layout_roguey, worms_lemuel
Lair:5:   layout_gridlike, dpeg_slime_entry_corner, st_stairs_12,
          chequers_serial_rivers_micro_c, lookout_lair_type
Lair:6:   cheibrodos_lair_end_hotspot, layout_cave_pods, basic_altar,
          nicolae_volcano_entry_lava_flow
Swamp:1:  layout_falls_marsh, basic_altar
Swamp:2:  layout_basic_swamp, ebering_ghost_funeral_grove,
          evilmike_swamp_ruin_house_1
Swamp:3:  layout_falls_marsh, gammafunk_ghost_cemetery,
          nicolae_swamp_trees_clearing
Swamp:4:  swamp_old_school, layout_basic_swamp, uniq_nikola
Snake:1:  layout_layer_cave, uniq_aizul, uniq_rupert
Snake:2:  layout_honeycomb, uniq_vashnia
Snake:3:  minmay_snake_river, layout_cave_shapes, basic_altar,
          gammafunk_ghost_berserking_beasts
Snake:4:  grunt_snake_rune_pools, layout_cave_town, ebering_ghost_inner_flame,
          serial_shops, shop
Orc:1:    layout_caves, hangedman_minor_magic
Orc:2:    st_orc_elflike, layout_diamond_mine, serial_shops, shop
Elf:1:    layout_gridlike, minmay_elf_annihilation, grunt_ministairs_5
Elf:2:    layout_gridlike, serial_shops, bzr_entry_road, minmay_misc_feat_alley
Elf:3:    minmay_elf_hall_furrowed, layout_loops_cross
Vaults:1: v_pattern_1, v_misc_30, hangedman_vaults_pinch,
          nicolae_vaults_mini_display_case, grunt_vaults_swirl,
          dpeg_vaults_pockets_of_resistance, v_misc_27, ontoclasm_vaults_tryst,
          grunt_vaults_hallway_short, nicolae_vaults_rhombus_5,
          vaults_dpeg_diagonal, layout_vaults_omnicross, serial_shops, shop
Vaults:2: nicolae_vaults_alarming, vaults_dpeg_ring,
          nicolae_vaults_angled_halls, nicolae_vaults_little_squares_6,
          v_misc_17, v_pattern_2, hangedman_vaults_corner_blocks,
          dpeg_vaults_monster_row, v_misc_13, vaults_room_semicircle,
          nicolae_vaults_hallways_thing, nicolae_vaults_triangles,
          nicolae_vaults_puzzle_piece, nicolae_vaults_windows_and_doors_thing,
          hangedman_vaults_stretched_pinwheel, v_misc_15, layout_vaults_maze,
          portal_desolation_entry_nicolae_nacl, uniq_xtahua, uniq_donald
Vaults:3: minmay_crypt_entry_simple_corners, hangedman_vaults_hat,
          grunt_vaults_hallway_short, vaults_mumra_hexcomb, vaults_room_corners,
          v_alt_pattern_4, v_misc_22, hangedman_vaults_impose,
          nicolae_vaults_big_ls, v_misc_3, st_eye, ontoclasm_vaults_spin,
          layout_vaults_omnibox, serial_shops, shop, shop, uniq_frederick,
          uniq_margery
Vaults:4: hangedman_vaults_unwind, v_misc_8, ontoclasm_vaults_misaligned,
          hangedman_vaults_stretched_pinwheel, ontoclasm_vaults_misaligned,
          nicolae_vaults_angled_halls, vaults_room_glass_cross,
          nicolae_vaults_network_quinsquares
          [nicolae_vaults_network_quincunx_subvault,
          nicolae_vaults_network_quincunx_subvault,
          nicolae_vaults_network_quincunx_subvault,
          nicolae_vaults_network_quincunx_subvault], vaults_room_semicircle,
          ontoclasm_vaults_shuriken, layout_vaults_quadrants, serial_shops,
          shop_fountains
Vaults:5: serial_shops
Depths:1: minmay_dotted_concentric_squares, layout_basic,
          hangedman_decor_clover_reticule, pf_hell_entry_tar_spiral,
          minmay_crystal_water, serial_sigils_hangedman_confine,
          item_on_display_a, uniq_sojobo
Depths:2: minmay_tri_stars, layout_basic, pf_coc_iceberg,
          minmay_shattered_shrine, infiniplex_staircase_squiggle
Depths:3: constructs_gauntlet_mu_hangedman, layout_basic, hell_entry,
          serial_shops, bzr_entry_water, kennysheep_flooded_box,
          hangedman_abyss_entry_splay, grunt_pan_entry_in_and_out,
          hangedman_abyss_or_decor_jellyfish_corner, infiniplex_staircase_spiral
Depths:4: lemuel_firewalk_3, layout_cross, enter_ziggurat_e, hell_entry,
          abyss_entry, uniq_enchantress
Depths:5: grunt_zot_entry_tricorne, layout_gridlike, nrook_pool_corridor,
          grunt_mini_vestibule
Zot:1:    kennysheep_ambush_hall, layout_basic, grunt_megastairs_3
Zot:2:    kennysheep_blocky_room, layout_onion, grunt_ministairs_3, st_stairs_7,
          nicolae_zot_crop_circle
Zot:3:    kennysheep_six_static_rooms, layout_cathedral_of_symmetry
Zot:4:    layout_misc_corridors, bh_zot_lava_cross, lemuel_elevator, uniq_tiamat
Zot:5:    layout_basic
